 Dungeon Crawl Stone Soup version 0.22.1-1-ga44c0e5 (webtiles) character file.

1906 Fang the Cleaver (level 9, -3/82 HPs)
             Began as a Gargoyle Berserker on Sept 27, 2018.
             Was a Priest of Trog.
             Slain by Harold
             ... wielding a +3 glaive
              (19 damage)
             ... on level 7 of the Dungeon.
             The game lasted 00:08:10 (5099 turns).

Fang the Cleaver (Gargoyle Berserker)               Turns: 5099, Time: 00:08:11

Health: -3/82      AC:  8    Str: 29    XL:     9   Next: 16%
Magic:  9/9        EV: 14    Int:  8    God:    Trog [***...]
Gold:   211        SH:  0    Dex:  9    Spells: 8/8 levels left

rFire    . . .     SeeInvis .   u - +1 hand axe (elec)
rCold    . . .     Gourm    .   (no shield)
rNeg     + . .     Faith    +   b - +0 animal skin
rPois    ∞         Spirit   .   (no helmet)
rElec    +         Reflect  .   (no cloak)
rCorr    .         Harm     .   (no gloves)
MR       .....                  (no boots)
Stlth    ..........             m - amulet of faith
HPRegen  0.23/turn              (no ring)
MPRegen  0.11/turn              (no ring)

@: berserking, very quick
A: negative energy resistance 1, electricity resistance, unbreathing,
petrification resistance, rot immunity, AC +6
a: Berserk, Trog's Hand, Renounce Religion


You were on level 7 of the Dungeon.
You worshipped Trog.
Trog was most pleased with you.
You were not hungry.

You visited 2 branches of the dungeon, and saw 8 of its levels.

You collected 211 gold pieces.

Inventory:

Hand Weapons
 a - a +0 hand axe
 u - a +1 hand axe of electrocution (weapon)
Armour
 b - a +0 animal skin (worn)
Jewellery
 m - an amulet of faith (around neck)
 y - an uncursed amulet of the acrobat
 D - an uncursed amulet of the gourmand {unknown}
Wands
 x - a wand of enslavement (12)
Scrolls
 d - 2 scrolls of amnesia {unknown}
 f - a scroll of enchant weapon {unknown}
 g - 3 scrolls of remove curse {unknown}
 j - 6 scrolls of identify {unknown}
 o - a scroll of noise {unknown}
 p - a scroll of fear {unknown}
 q - a scroll of teleportation {unknown}
 s - 3 scrolls of fog {unknown}
 t - a scroll of blinking {unknown}
 z - 2 scrolls of immolation {unknown}
Potions
 e - a potion of resistance {unknown}
 h - 3 potions of curing {unknown}
 i - a potion of berserk rage {unknown}
 k - 3 potions of ambrosia {unknown}
 l - a potion of cancellation {unknown}
 n - 3 potions of might {unknown}
 r - a potion of invisibility {unknown}
 v - 2 potions of lignification {unknown}
 w - a potion of mutation {unknown}
 A - 2 potions of degeneration {unknown}
 B - a potion of agility {unknown}
 C - a potion of magic {unknown}
Comestibles
 c - 13 rations


   Skills:
 + Level 6.0 Fighting
 + Level 8.3 Axes
 + Level 2.2 Armour
 + Level 4.9 Dodging
 + Level 3.4 Stealth


You had 8 spell levels left.
You didn't know any spells.
Your spell library was empty.

Dungeon Overview and Level Annotations

Branches:
Dungeon (7/15)             Temple (1/1) D:6

Altars:
Cheibriados
Nemelex Xobeh
Qazlal
Sif Muna
Trog
Wu Jian
Xom
The Shining One

Annotations:
D:3 2 transporters, MangoKangaroo's ghost, amateur MiBe
D:7 Harold


Innate Abilities, Weirdness & Mutations

You are resistant to torment.
Your stone body is resilient. (AC +6)
You are immune to poison.
You resist negative energy. (rN+)
You are resistant to electric shocks. (rElec)
You can survive without breathing.
You are immune to petrification.
You are immune to rotting.


Message History

A red film seems to cover your vision as you go berserk!
You feel yourself moving faster!
You feel mighty!
You feel a lot more hungry. The orc warrior closely misses you.
You slash the orc warrior!
Lightning courses through the orc warrior!
You kill the orc warrior!
Trog accepts your kill.
Your Fighting skill increases to level 6!
You slash the wight!
The wight hits you with an enchanted mace.
* * * LOW HITPOINT WARNING * * *
You slash the wight! Lightning courses through the wight!
You destroy the wight!
Trog accepts your kill.
You closely miss the wight.
Unknown command.
The wight hits you with an enchanted mace!
* * * LOW HITPOINT WARNING * * *
Harold hits you from afar with an enchanted glaive!!
You die...

#.......#
.......# .......
..... .... #.@
#z########
#@z......#
#######.)......#
#.....^.........
#.#####..>......
#.# #.........
#.# #.........
#.# #.........
#<# #.######.#
#.# #.######.#


You could see Harold and 2 wights.

Vanquished Creatures
  Prince Ribbit (D:5)
  Grinder (D:5)
  Eustachio (D:5)
  Duvessa (D:5)
  2 orc warriors (D:7)
  A phantom (D:5)
  An ogre (D:4)
  A bullfrog (D:6)
  Dowan (D:5)
  A scorpion (D:5)
  A wight (D:7)
  2 crimson imps (D:5)
  A centaur zombie (D:6)
  3 hounds
  4 orc wizards
  Terence (D:3)
  Ijyb (D:4)
  2 iguanas (D:4)
  3 worker ants
  4 gnolls
  9 adders
  2 worms
  3 dart slugs (D:2)
  2 leopard geckos
  24 orcs
  4 giant cockroaches (D:2)
  6 hobgoblins
  10 jackals
  6 kobolds
  2 quokkas
  11 bats
  7 frilled lizards
  3 goblins
  A leopard gecko skeleton (D:5)
  8 rats
131 creatures vanquished.

Notes
Turn   | Place    | Note
-------+----------+-------------------------------------------
     0 | D:1      | Fang the Gargoyle Berserker began the quest for the Orb.
     0 | D:1      | Reached XP level 1. HP: 14/14 MP: 1/1
   301 | D:1      | Reached XP level 2. HP: 13/19 MP: 2/2
   509 | D:1      | Reached skill level 3 in Axes
   511 | D:1      | Reached XP level 3. HP: 22/23 MP: 3/3
   860 | D:2      | Reached ** piety under Trog
  1419 | D:2      | HP: 1/24 [worm (7)]
  1420 | D:2      | Reached XP level 4. HP: 1/29 MP: 4/4
  1914 | D:3      | Reached XP level 5. HP: 21/33 MP: 5/5
  1962 | D:3      | Noticed MangoKangaroo's ghost (amateur MiBe)
  1963 | D:3      | Found a transporter.
  2136 | D:3      | Noticed an ogre
  2189 | D:3      | Reached skill level 4 in Axes
  2200 | D:3      | Noticed an ogre
  2213 | D:3      | Found a transporter.
  2255 | D:3      | Noticed Terence
  2266 | D:3      | Killed Terence
  2266 | D:3      | Reached *** piety under Trog
  2533 | D:3      | Found a sparkling altar of Nemelex Xobeh.
  2534 | D:3      | Found a bloodstained altar of Trog.
  2534 | D:3      | Found a deep blue altar of Sif Muna.
  2534 | D:3      | Found an ornate altar of the Wu Jian Council.
  2542 | D:3      | Reached skill level 1 in Stealth
  2552 | D:3      | Found a stormy altar of Qazlal.
  2552 | D:3      | Found a snail-covered altar of Cheibriados.
  2754 | D:4      | Reached XP level 6. HP: 38/38 MP: 6/6
  2762 | D:4      | Reached skill level 5 in Axes
  2896 | D:4      | Noticed Ijyb
  2914 | D:4      | Killed Ijyb
  2914 | D:4      | Reached XP level 7. HP: 42/44 MP: 7/7
  2955 | D:4      | Found a glowing golden altar of the Shining One.
  3216 | D:5      | Entered Level 5 of the Dungeon
  3223 | D:5      | Noticed Eustachio
  3235 | D:5      | Killed Eustachio
  3235 | D:5      | Reached skill level 5 in Fighting
  3235 | D:5      | Reached skill level 6 in Axes
  3254 | D:5      | Noticed Grinder
  3269 | D:5      | Killed Grinder
  3269 | D:5      | Reached XP level 8. HP: 44/49 MP: 8/8
  3292 | D:5      | Noticed Prince Ribbit
  3304 | D:5      | Killed Prince Ribbit
  3310 | D:5      | Reached **** piety under Trog
  3310 | D:5      | Reached skill level 7 in Axes
  3411 | D:5      | Noticed Duvessa
  3411 | D:5      | Noticed Dowan
  3420 | D:5      | Killed Dowan
  3424 | D:5      | Killed Duvessa
  4019 | D:5      | Found a shimmering altar of Xom.
  4219 | D:6      | Reached skill level 8 in Axes
  4311 | D:6      | Found a staircase to the Ecumenical Temple.
  4360 | D:6      | Reached XP level 9. HP: 53/55 MP: 9/9
  4400 | Temple   | Entered the Ecumenical Temple
  5092 | D:7      | Noticed Harold
  5099 | D:7      | Slain by Harold

Skill      XL: |  1  2  3  4  5  6  7  8  9 |
---------------+----------------------------+-----
Dodging        | 2 3 4 |  4.9
Axes           | 3 4 5 6 8 |  8.3
Fighting       | 4 5 6 |  6.0
Stealth        | 1 2 3 |  3.4
Armour         | |  2.2

Action                   |  1- 3 |  4- 6 |  7- 9 || total
-------------------------+-------+-------+-------++-------
Melee: Hand axe          |   129 |   133 |   175 ||   437
Invok: Berserk           |       |     3 |     3 ||     6
 Stab: Sleeping          |       |     2 |     3 ||     5
  Eat: Chunk             |     1 |     8 |     4 ||    13
       Ration            |       |       |     2 ||     2
Armor: Animal skin       |    57 |    47 |    48 ||   152
Dodge: Dodged            |    94 |   102 |    94 ||   290
